 Dungeon Sprint DCSS version 0.21.0-3-g78d12a8 (webtiles) character file.

2831 nuthulu the Blocker (level 9, -41/75 HPs)
             Began as a Naga Fighter on Jan 11, 2018.
             Was a High Priest of Cheibriados.
             Annihilated by Antaeus (46 damage)
             ... in the Dungeon (Sprint V: "Ziggurat Sprint").
             The game lasted 00:02:43 (277 turns).

nuthulu the Blocker (Naga Fighter)                   Turns: 277, Time: 00:02:43

Health: -41/75     AC: 24    Str: 37    XL:     9   Next: 73%
Magic:  9/9        EV:  1    Int: 22    God:    Cheibriados [*****.]
Gold:   0          SH: 35    Dex: 30    Spells: 8/8 levels left

rFire    . . .     SeeInvis +   H - +6 shillelagh "Devastator" {shatter}
rCold    . . .     Gourm    .   G - +18 shield of the Gong {rElec rN+ MR+ EV-5}
rNeg     + . .     Faith    .   F - +15 Maxwell's patent armour {-Cast -Tele rElec MR+ rCorr}
rPois    +         Spirit   .   (no helmet)
rElec    +         Reflect  .   (no cloak)
rCorr    +         Harm     .   (no gloves)
MR       +++..     NoTele   +   (no barding) Stlth ..........NoCast +
                                (no amulet)
HPRegen  0.22/turn              z - +6 ring of dexterity
MPRegen  0.11/turn              D - +6 ring of strength

@: studying Throwing, very slow
A: large, see invisible, deformed body, poison resistance, slowness 2, slow
metabolism 1, spit poison 1, AC +3
a: Spit Poison, Bend Time, Temporal Distortion, Slouch, Step From Time, Renounce
Religion


You were in the Dungeon.
You worshipped Cheibriados.
Cheibriados was extremely pleased with you.
You were not hungry.

You visited 1 branch

Inventory:

Hand Weapons
 H - the +6 shillelagh "Devastator" (weapon) {shatter}
   (You found it in the Dungeon)
Armour
 F - the +15 Maxwell's patent armour (worn) {-Cast -Tele rElec MR+ rCorr}
   (You found it in the Dungeon)

   It insulates you from electricity.
   It affects your resistance to hostile enchantments.
   It prevents spellcasting.
   It prevents most forms of teleportation.
   It protects you from acid and corrosion.
 G - the +18 shield of the Gong (worn) {rElec rN+ MR+ EV-5}
   (You found it in the Dungeon)

   It affects your evasion (-5).
   It insulates you from electricity.
   It protects you from negative energy.
   It affects your resistance to hostile enchantments.
Jewellery
 b - an uncursed ring of magical power
 z - a +6 ring of dexterity (left hand)
 A - a +6 ring of dexterity
 B - a +6 ring of intelligence
 C - a +6 ring of intelligence
 D - a +6 ring of strength (right hand)
 E - a +6 ring of strength
Wands
 w - a wand of disintegration (7)
 x - a wand of iceblast (7)
 y - a wand of acid (7)
Scrolls
 k - 4 scrolls of blinking
 q - 4 scrolls of amnesia
 r - 7 scrolls of fog
 s - a scroll of holy word
 t - 5 scrolls of identify
 u - 5 scrolls of remove curse
 v - 2 scrolls of fear
Potions
 d - 6 potions of might
 e - 10 potions of curing
 g - 10 potions of heal wounds
 h - 6 potions of haste
 i - 7 potions of magic
 j - 3 potions of berserk rage
 l - 2 potions of brilliance
 m - 2 potions of invisibility
 n - 4 potions of resistance
 p - 5 potions of agility
Books
 a - a manual of Throwing
Comestibles
 f - 7 rations


   Skills:
 - Level 3.0 Fighting
 + Level 12.7 Maces & Flails
 - Level 2.4 Armour
 * Level 14.7 Shields


You had 8 spell levels left.
You didn't know any spells.

Dungeon Overview and Level Annotations

Branches:
Dungeon (1/1)

Altars:
Ashenzari
Cheibriados
Dithmenos
Elyvilon
Fedhas
Gozag
Hepliaklqana
Kikubaaqudgha
Makhleb
Nemelex Xobeh
Okawaru
Qazlal
Ru
Sif Muna
Trog
Uskayaw
Vehumet
Wu Jian
Xom
Yredelemnul
Zin
The Shining One
Beogh
Jiyva
Lugonu

Annotations:
D 1 transporter, Antaeus, Duvessa, Nessos


Innate Abilities, Weirdness & Mutations

You cannot wear boots.
Your serpentine skin is tough. (AC +3)
You have supernaturally acute eyesight. (SInv)
Armour fits poorly on your strangely shaped body.
Your system is resistant to poisons. (rPois)
You cover ground very slowly.
You have a slow metabolism.
You can spit poison.


Message History

PTOANNNG!
You block Duvessa's attack.
GONNNNG!
You hit the ironbrand convoker.
The ironbrand convoker, Duvessa, Antaeus and the slime creature shudder.
The ironbrand convoker is severely wounded.
Duvessa is moderately wounded.
Antaeus is lightly wounded.
The slime creature is almost dead.
The ironbrand convoker is severely wounded.
You block the merfolk impaler's attack.
PTOANNNG!
You block the deep elf sorcerer's attack.
GONNNNG!
The ironbrand convoker casts a spell at Nessos.
Nessos seems to grow stronger.
Antaeus hits you!!
* * * LOW HITPOINT WARNING * * *
Antaeus freezes you!!!
Ouch! That really hurt!
You die...

▓.....▓.....▓..©..▓
▓..©..▓..©..▓▓▓▓▓▓▓
▓▓▓▓▓▓▓▓▓▓▓▓▓▓▓▓▓▓▓
▓..8©8...▓..8©8...▓
▓..:[:...▓..[["...▓
▓...)....▓..|.....▓
▓........▓...m....▓
▓...)....▓.cJCe...▓
▓.▓....▓.▓.▓p@..▓.▓
▓...©....▓..e©....▓
▓▓▓▓▓▓▓▓▓▓▓▓▓▓▓▓▓▓▓


You could see Antaeus, a merfolk impaler, Nessos, a deep elf sorcerer, a slime
creature, an ironbrand convoker and Duvessa.

Vanquished Creatures
  A centaur warrior (D)
  An ogre mage (D)
  An orc knight (D)
  A guardian mummy (D)
  A jumping spider (D)
  2 merfolk (D)
  A tarantella (D)
  2 scorpions (D)
  A wight (D)
  2 mummies (D)
  2 adder skeletons (D)
  A bat zombie (D)
16 creatures vanquished.

Vanquished Creatures (others)
  2 spatial maelstroms (D)
  Eustachio (D)
3 creatures vanquished.

Grand Total: 19 creatures vanquished

Notes
Turn   | Place    | Note
-------+----------+-------------------------------------------
     0 | D        | Found the +6 Majin-Bo {vamp, Archmagi MP+6 Int+6}
     0 | D        | Found the +7 great mace "Firestarter" {inner flame, rF++}
     0 | D        | nuthulu the Naga Fighter began the quest for the Orb.
     0 | D        | Reached XP level 1. HP: 21/21 MP: 1/1
     0 | D        | Found a deep blue altar of Sif Muna.
     0 | D        | Found a sacrificial altar of Ru.
     0 | D        | Found a bloodstained altar of Trog.
     0 | D        | Found a stormy altar of Qazlal.
     0 | D        | Found an iron altar of Okawaru.
     0 | D        | Found a sparkling altar of Nemelex Xobeh.
     0 | D        | Found a blossoming altar of Fedhas.
     2 | D        | Found a transporter.
     2 | D        | Found an ancient bone altar of Kikubaaqudgha.
     2 | D        | Found a viscous altar of Jiyva.
     2 | D        | Found a corrupted altar of Lugonu.
     2 | D        | Found a hazy altar of Hepliaklqana.
     2 | D        | Found a burning altar of Makhleb.
     2 | D        | Found an opulent altar of Gozag.
     2 | D        | Banished a spatial maelstrom
     3 | D        | Killed Eustachio
     4 | D        | Banished a spatial maelstrom
    18 | D        | Found the +9 heavy crossbow "Sniper" {velocity, Acc+∞ SInv}
    18 | D        | Found the +10 dark maul {crush}
    18 | D        | Found the +15 Maxwell's patent armour {-Cast -Tele rElec MR+ rCorr}
    18 | D        | Found the +18 shield of the Gong {rElec rN+ MR+ EV-5}
    18 | D        | Found the cursed +14 obsidian axe {chop, +Fly SInv *Curse}
    20 | D        | Found the +6 shillelagh "Devastator" {shatter}
    20 | D        | Found the +11 plutonium sword {*Contam Stlth-}
    20 | D        | Found the +8 lance "Wyrmbane" {slay drac, rPois rF+ rC+ AC+3}
    20 | D        | Found the +9 sword of Zonguldrok {reap}
    20 | D        | Found the cursed +13 scythe of Curses {drain, *Curse}
    20 | D        | Found the +0 sword of Power
    20 | D        | Found the +13 mace of Variability {chaos}
    20 | D        | Found the +7 Singing Sword
    20 | D        | Found the +7 longbow "Piercer" {penet, EV-2}
    50 | D        | Reached skill level 5 in Shields
    50 | D        | Reached XP level 2. HP: 28/28 MP: 2/2
    92 | D        | Became a worshipper of Cheibriados the Contemplative
   106 | D        | Entered arena 2.
   106 | D        | Noticed a merfolk
   106 | D        | Noticed a merfolk
   106 | D        | Found a transporter.
   112 | D        | Killed a merfolk
   112 | D        | Reached skill level 8 in Shields
   112 | D        | Reached XP level 3. HP: 24/34 MP: 3/3
   112 | D        | Reached XP level 4. HP: 30/42 MP: 4/4
   112 | D        | Reached XP level 5. HP: 35/49 MP: 5/5
   115 | D        | Killed a merfolk
   115 | D        | Reached skill level 10 in Shields
   115 | D        | Reached XP level 6. HP: 40/56 MP: 6/6
   207 | D        | Entered arena 3.
   207 | D        | Noticed a guardian mummy
   207 | D        | Found a transporter.
   210 | D        | Reached * piety under Cheibriados
   210 | D        | Reached XP level 7. HP: 62/62 MP: 7/7
   211 | D        | Killed a guardian mummy
   211 | D        | Reached skill level 11 in Shields
   211 | D        | Reached ** piety under Cheibriados
   237 | D        | Entered arena 4.
   237 | D        | Noticed a tarantella
   237 | D        | Noticed a jumping spider
   237 | D        | Found a transporter.
   240 | D        | Killed a jumping spider
   240 | D        | Reached skill level 10 in Maces & Flails
   240 | D        | Reached XP level 8. HP: 68/69 MP: 8/8
   240 | D        | Reached skill level 12 in Shields
   240 | D        | Reached *** piety under Cheibriados
   242 | D        | Killed a tarantella
   248 | D        | Entered arena 5.
   248 | D        | Found a transporter.
   249 | D        | Found the +3 Elemental Staff {rElec rF++ rC++ MR++ AC+5}
   249 | D        | Reached **** piety under Cheibriados
   264 | D        | Entered arena 6.
   264 | D        | Noticed an ogre mage
   264 | D        | Noticed a slime creature
   264 | D        | Noticed an orc knight
   264 | D        | Noticed an ironbrand convoker
   264 | D        | Noticed a centaur warrior
   264 | D        | Found a transporter.
   268 | D        | Killed a centaur warrior
   268 | D        | Reached ***** piety under Cheibriados
   268 | D        | Reached skill level 13 in Shields
   268 | D        | Reached XP level 9. HP: 69/75 MP: 9/9
   270 | D        | Killed an ogre mage
   270 | D        | Reached skill level 14 in Shields
   272 | D        | Noticed a merfolk impaler
   272 | D        | Noticed a deep elf sorcerer
   272 | D        | Noticed Nessos
   272 | D        | Noticed Antaeus
   272 | D        | Noticed Duvessa
   274 | D        | Killed an orc knight
   277 | D        | Annihilated by Antaeus

Skill      XL: |  1  2  3  4  5  6  7  8  9 |
---------------+----------------------------+-----
Maces & Flails | 4 7 8 10 11 12 | 12.7
Shields        | 5 8 10 11 13 14 | 14.7
Fighting       | |  3.0
Armour         | |  2.4

Action                   |  1- 3 |  4- 6 |  7- 9 || total
-------------------------+-------+-------+-------++-------
Melee: Shillelagh        |     5 |     4 |    26 ||    35
  Use: Potion            |     1 |       |       ||     1
Armor: Plate armour      |     1 |     1 |     6 ||     8
Dodge: Dodged            |       |       |     2 ||     2
Block: Shield            |    10 |     2 |    40 ||    52
